 Dungeon Crawl Stone Soup version 0.17.0-24-gcfadda4 (webtiles) character file.

56 Sorcv the Vexing (level 3, -1/24 HPs)
             Began as a Mummy Enchanter on Nov 15, 2015.
             Was an Initiate of Ashenzari.
             Slain by an orc wizard
             ... wielding a +0 dagger
              (2 damage)
             ... on level 3 of the Dungeon.
             The game lasted 00:04:45 (1691 turns).

Sorcv the Vexing (Mummy Enchanter)                  Turns: 1691, Time: 00:04:45

Health: -1/24      AC:  3    Str: 11    XL:     3   Next: 69%
Magic:  1/6        EV: 12    Int: 14    God:    Ashenzari [......]
Gold:   117        SH:  0    Dex: 13    Spells: 2 memorised, 3 levels left

rFire  x . .     SeeInvis .     a - +1 dagger
rCold  + . .     Clarity  .     b - +1 robe
rNeg   + + +     SustAt   .     (no shield)
rPois  ∞         Gourm    .     (no helmet)
rElec  .         Spirit   .     (no cloak)
rCorr  .         Warding  .     (no gloves)
rMut   .         Stasis   .     (no boots)
MR     .....                    (no amulet)
Stlth  ++........               (no ring)
                                (no ring)

@: very slightly contaminated, not resistant to hostile enchantments, unstealthy
A: no food or potions, fire vulnerability, cold resistance 1, negative energy
resistance 3, torment resistance, unbreathing
a: Renounce Religion


You were on level 3 of the Dungeon.
You worshipped Ashenzari.
Ashenzari was noncommittal.
You were not hungry.

You visited 1 branch of the dungeon, and saw 4 of its levels.

You collected 117 gold pieces.

Inventory:

Hand Weapons
 a - a +1 dagger (weapon)
Armour
 b - a +1 robe (worn)
Scrolls
 e - a scroll of noise
 f - 2 scrolls of remove curse
 i - a scroll of random uselessness
Books
 c - a book of Maledictions

   Spells                             Type                      Level
   a - Corona                         Hexes                        1
   b - Ensorcelled Hibernation        Hexes/Ice                    2
   c - Confuse                        Hexes                        3
   d - Tukima's Dance                 Hexes                        3
   e - Dazzling Spray                 Conjuration/Hexes            3


   Skills:
 + Level 1.7 Short Blades
 - Level 1.5 Dodging
 + Level 3.1 Stealth
 - Level 2.0 Spellcasting
 + Level 3.2 Hexes


You had 3 spell levels left.
You knew the following spells:

 Your Spells              Type           Power        Failure   Level  Hunger
a - Corona                Hex            ##.....      10%         1    N/A
b - Ensorcelled Hibernat  Hex/Ice        #.....       21%         2    N/A

Dungeon Overview and Level Annotations

Branches:
Dungeon (4/15)
 Temple: D:4-7

Altars:
Ashenzari
Cheibriados
Yredelemnul


Innate Abilities, Weirdness & Mutations

You do not eat or drink.
Your flesh is vulnerable to fire.
You are immune to poison.
Your flesh is cold resistant.
You are immune to negative energy.
You are immune to unholy pain and torment.
You can survive without breathing.


Message History

You barely miss the orc wizard.
The orc wizard is moderately wounded.
The orc wizard hits you with a dagger.
* * * LOW HITPOINT WARNING * * *
The orc hits you with a hand axe.
* * * LOW HITPOINT WARNING * * *
Read which item? (? for menu, Esc to quit)
As you read the scroll labeled GOIC BIBLU, it crumbles to dust.
The creatures around you are filled with an inner flame!
It was a scroll of immolation.
The orc wizard hits you with a dagger.
* * * LOW HITPOINT WARNING * * *
The orc wizard barely misses you. The orc hits you with a hand axe.
* * * LOW HITPOINT WARNING * * *
Read which item? (? for menu, Esc to quit)
As you read the scroll labeled YNIVEDETHY, it crumbles to dust.
You feel aware of your surroundings.
It was a scroll of magic mapping.
The orc wizard hits you but does no damage.
The orc wizard closely misses you.
You hit the orc but do no damage. The orc wizard hits you with a dagger.
You die...

###.###.#..##########.#.#####.###
...^.........................>#..
...........................##.#..
.#..###.##.#.)..((......##..#.#..
.#..# #.##.#.#.[###.........#.#..
.#..# #.##.......#......<.....#..
....# #.####.#...#.........#..#..
###.# #.# #.#...#....oo...#..#..
#.# #.####.#.o@#.........#.....
**#.# #.#<...#..o#.........##....
,,..# #.######o###.##########...)
***## #.#..........## #....
#.#.####......# ##..#
#.#.#.....###.# #..#
#######.#.#.##......# ##..
........#.#.#.....### #<.
..#######.#.#...#.#***** #..


You could see an orc wizard (inner flame) and 2 orcs.

Vanquished Creatures
  An adder (D:3)
  2 giant geckos
  5 orcs (D:3)
  3 giant cockroaches
  5 hobgoblins
  3 kobolds
  A quokka (D:3)
  2 ball pythons (D:2)
  3 bats
  4 giant newts
  4 goblins
  A quokka skeleton (D:3)
  2 rats
36 creatures vanquished.

Notes
Turn   | Place    | Note
--------------------------------------------------------------
     0 | D:1      | Sorcv the Mummy Enchanter began the quest for the Orb.
     0 | D:1      | Reached XP level 1. HP: 13/13 MP: 3/3
    19 | D:1      | You fall through a shaft!
   164 | D:2      | Found a basalt altar of Yredelemnul.
   226 | D:2      | Reached skill level 1 in Short Blades
   305 | D:2      | Reached XP level 2. HP: 17/19 MP: 5/5
   543 | D:1      | Learned a level 2 spell: Ensorcelled Hibernation
   936 | D:3      | Reached skill level 3 in Stealth
   936 | D:3      | Reached XP level 3. HP: 17/24 MP: 3/6
  1150 | D:3      | Found a shattered altar of Ashenzari.
  1420 | D:3      | Found a snail-covered altar of Cheibriados.
  1507 | D:3      | Became a worshipper of Ashenzari the Shackled
  1524 | D:4      | Noticed a scorpion
  1688 | D:3      | HP: 1/24 [orc/hand axe (1)]
  1691 | D:3      | Slain by an orc wizard

Action                   || total
-------------------------++-------
Melee: Dagger            ||   149
 Cast: Corona            ||     5
       Ensorcelled Hiber ||     8
  Use: Scroll            ||     6
 Stab: Sleeping          ||    10
